 Dungeon Crawl Stone Soup version bcrawl-1.40 (webtiles) character file.

Game seed: 17755243995097879359

261762 Pixllover the Digger (level 7, -7/38 HPs)
             Began as a Gargoyle Earth Elementalist on Oct 24, 2023.
             Killed by divine providence
             ... invoked by an orc priest
              (10 damage)
             ... on level 4 of the Dungeon.
             The game lasted 00:10:24 (2693 turns).

Pixllover the Digger (Gargoyle Earth Elementalist)  Turns: 2693, Time: 00:10:24

Health: -7/38      AC:  6    Str: 12    XL:     7   Next: 36%
Magic:  7/12       EV: 12    Int: 17    God:
Gold:   287        SH:  0    Dex: 10    Spells: 12/13 levels left

rFire    . . .     GDR:     32% q - +0 short sword (venom)
rCold    . . .     SeeInvis .   (no shield)
rNeg     + . .     Gourm    .   c - +0 robe
rPois    ∞         Faith    .   (no helmet)
rElec    +         Spirit   .   (no cloak)
rCorr    .         Reflect  .   (no gloves)
MR       .....                  (no boots)
Stlth    ++........             (no amulet)
HPRegen  0.16/turn              (no ring)
MPRegen  0.13/turn              (no ring)

@: no status effects
A: negative energy resistance 1, electricity resistance, partial torment
resistance, unbreathing, petrification resistance, rot immunity, AC +4
a: no special abilities


You were on level 4 of the Dungeon.
You were hungry.

You visited 1 branch of the dungeon, and saw 4 of its levels.

You collected 287 gold pieces.

Inventory:

Hand Weapons
 q - a +0 short sword of venom (weapon)
Missiles
 b - 433 stones (quivered)
 f - 52 poisoned tomahawks
Armour
 c - a +0 robe (worn)
 h - a +0 pair of boots
Scrolls
 g - a scroll of immolation {unknown}
 i - 3 scrolls of identify
 j - 2 scrolls of remove curse {unknown}
 k - 2 scrolls of teleportation
 l - a scroll of fear {unknown}
 m - a scroll of enchant armour {unknown}
Potions
 d - a potion of brilliance {unknown}
 n - a potion of degeneration {unknown}
 o - 3 potions of curing {unknown}
 p - a potion of cancellation {unknown}
 r - a potion of agility {unknown}
 s - a potion of heal wounds {unknown}
 t - 2 potions of flight {unknown}
 u - a potion of haste
Comestibles
 a - 5 chunks of flesh
 e - 6 rations {!d}


   Skills:
 + Level 1.6 Fighting
 + Level 2.4 Short Blades
 + Level 3.0 Dodging
 + Level 3.4 Stealth
 + Level 1.3 Unarmed Combat
 + Level 3.7 Spellcasting
   Level 0.7 Transmutations
 + Level 6.1 Earth Magic


You had 12 spell levels left.
You knew the following spells:

 Your Spells              Type           Power        Failure   Level  Hunger
a - Sandblast             Erth           ###...       1%          1    None

Your spell library contained the following spells:

 Spells                   Type           Power        Failure   Level  Hunger
 Passwall                 Tmut/Erth      ##......     6%          2    None
 Stone Arrow              Conj/Erth      ##....       14%         3    ###....
 Flame Tongue             Conj/Fire      #....        16%         1    None
 Flaming Arrows           Chrm/Fire      #.......     24%         2    None
 Petrify                  Tmut/Erth      ##........   36%         4    #####..
 Lee's Rapid Deconstruct  Erth           ###.......   36%         5    ######.
 Conjure Flame            Conj/Fire      #.......     43%         3    ###....
 Inner Flame              Hex/Fire       N/A          43%         3    ###....
 Sticky Flame             Conj/Fire      #.......     85%         4    #####..
 Fireball                 Conj/Fire      #.........   99%         5    ######.


Dungeon Overview and Level Annotations

Branches:
Dungeon (4/12)
 Temple: D:4-7

Altars:

Annotations:
D:3 1 runed door


Innate Abilities, Weirdness & Mutations

You are resistant to torment.
Your stone body is resilient. (AC +4)
You are immune to poison.
You resist negative energy. (rN+)
You are resistant to electric shocks. (rElec)
You are less affected by unholy pain and torment.
You can survive without breathing.
You are immune to petrification.
You are immune to rotting.


Message History

The blast of sand hits the orc priest!
The orc priest is severely wounded.
b - 433 stones The orc hits you but does no damage.
You hit the orc priest but do no damage.
The orc priest is poisoned.
The orc priest is severely wounded.
The orc hits you with a +0 club.
The orc priest mumbles some strange prayers to Beogh against you.
Beogh smites you!
* * * LOW HITPOINT WARNING * * *
You closely miss the orc priest.
The orc priest is severely wounded.
The orc hits you but does no damage.
No path to travel!
You closely miss the orc priest.
The orc priest is severely wounded.
The orc priest calls down the wrath of Beogh upon you.
Beogh smites you!
You die...

... ..#.#
#....####
#.#.... #..#..#
#(...# ##o..##
#.o@).##
......#....#
...#..###..### .
...........##
..######..#..###
.. #...#...# .
#.♣.♣##.## ##
#...# #..### ...
##♣.♣#♣....#....


You could see an orc priest and an orc.

Vanquished Creatures
  A sky beast (D:3)
  A phantom (D:3)
  A bullfrog (D:3)
  A crimson imp (D:2)
  A bullfrog zombie (D:4)
  A hound (D:4)
  2 orc wizards (D:3)
  Terence (D:2)
  4 adders (D:3)
  5 worms
  An adder skeleton (D:4)
  3 dart slugs
  2 leopard geckos
  14 orcs
  A ball python (D:2)
  7 bats
  2 giant cockroaches (D:1)
  6 goblins
  7 hobgoblins
  15 jackals
  A quokka (D:2)
  7 frilled lizards
  4 kobolds
  4 rats
92 creatures vanquished.

Notes
Turn   | Place    | Note
-------+----------+-------------------------------------------
     0 | D:1      | Pixllover the Gargoyle Earth Elementalist began the quest
                  | for the Orb.
     0 | D:1      | Reached XP level 1. HP: 10/10 MP: 3/3
    95 | D:1      | Reached skill level 4 in Earth Magic
    95 | D:1      | Reached XP level 2. HP: 15/15 MP: 0/5
   754 | D:2      | Reached XP level 3. HP: 19/19 MP: 3/6
   893 | D:2      | Noticed Terence
   954 | D:2      | Killed Terence
  1078 | D:2      | Reached XP level 4. HP: 23/24 MP: 5/7
  1175 | D:2      | Reached skill level 5 in Earth Magic
  1509 | D:2      | Reached XP level 5. HP: 28/28 MP: 9/9
  1647 | D:3      | Noticed a bullfrog
  1655 | D:3      | Killed a bullfrog
  1837 | D:3      | Reached skill level 1 in Short Blades
  1837 | D:3      | Reached XP level 6. HP: 31/33 MP: 10/10
  1867 | D:3      | Reached skill level 1 in Fighting
  2029 | D:3      | Found a runed door.
  2284 | D:3      | Noticed a sky beast
  2291 | D:3      | Killed a sky beast
  2379 | D:3      | Noticed a phantom
  2390 | D:3      | Killed a phantom
  2391 | D:3      | Reached XP level 7. HP: 35/38 MP: 4/12
  2675 | D:4      | Reached skill level 6 in Earth Magic
  2693 | D:4      | Killed from afar by an orc priest

Skill      XL: |  1  2  3  4  5  6  7 |
---------------+----------------------+-----
Earth Magic    | 4 5 6 |  6.1
Dodging        | 2 3 |  3.0
Spellcasting   | 3 |  3.7
Stealth        | 3 |  3.4
Short Blades   | 1 2 |  2.4
Fighting       | 1 |  1.6
Unarmed Combat | |  1.3
Transmutations | |  0.7

Action                   |  1- 3 |  4- 6 |  7- 9 || total
-------------------------+-------+-------+-------++-------
Melee: Unarmed           |    37 |       |       ||    37
       Short sword       |    14 |   146 |    46 ||   206
 Cast: Sandblast         |    38 |    29 |     6 ||    73
  Use: Scroll            |     1 |       |       ||     1
       Potion            |       |     1 |       ||     1
 Stab: Sleeping          |       |     3 |       ||     3
  Eat: Chunk             |     2 |     9 |     2 ||    13
Armor: Robe              |    31 |    57 |    27 ||   115
Dodge: Dodged            |    52 |   100 |    56 ||   208
